AoeStats
← i2i Vibe

Nomad

510085433Analyzed
3v3 RM · 24h ago on Sep 29, 2026· 59m 21s· 6 players
Game mode
Random Map
Map size
210×210
Population
200
Speed
Normal
Resources
Standard
Victory
Conquest
Starting age
Dark Age
Ending age
Imperial Age
RankedLock teamsTeams togetherTeam positionsShared explorationLock speedFull tech treeHidden civsTurbo modeCheats
Victory
Defeat
🇷🇴 Mongols · Romania
975
+11
🇨🇳 Tatars · China
927
+13
🇬🇧 Magyars · United Kingdom
911
+13
🇮🇳 Mongols · India
882
-13
🇺🇸 Malay · United States
846
-12
🇦🇷 Spanish · Argentina
839
-12
`|`|reX®™
15:00 Feudal Age
22:25 Castle Age
20:51 Double-Bit Axe
22:09 Gold Mining
22:12 Stone Mining
22:19 Horse Collar
25:07 Bow Saw
24:58 Heavy Plow
27:19 Gold Shaft Mining
27:46 Loom
28:43 Town Watch
30:16 Wheelbarrow
30:44 Scale Barding Armor
31:23 Hand Cart
33:51 Bloodlines
33:42 Husbandry
35:05 Chain Barding Armor
37:49 Imperial Age
35:30 Fletching
36:00 Treadmill Crane
37:56 Ballistics
38:02 Ballistics
39:07 Plate Barding Armor
40:24 Two-Man Saw
41:10 Bodkin Arrow
41:49 Crop Rotation
42:36 Siege Engineers
42:04 Elite Magyar Huszar
43:27 Masonry
44:36 Hoardings
44:06 Corvinian Army
44:42 Bracer
44:17 Light Cavalry
46:15 Conscription
48:22 Hussar
49:26 Town Patrol
50:23 Cavalier
Clauzzz
6:23 Loom
16:51 Feudal Age
20:55 Fletching
22:57 Horse Collar
24:13 Double-Bit Axe
29:30 Castle Age
27:52 Scale Barding Armor
30:04 Forging
32:14 Stone Mining
32:39 Light Cavalry
34:00 Gold Mining
34:59 Bloodlines
36:10 Bow Saw
42:16 Husbandry
43:21 Ballistics
43:01 Bodkin Arrow
43:27 Chain Barding Armor
44:38 Gold Shaft Mining
44:42 Padded Archer Armor
45:24 Iron Casting
49:41 Heavy Plow
52:40 Imperial Age
51:43 Wheelbarrow
52:26 Stone Shaft Mining
52:53 Hussar
54:06 Bracer
54:54 Elite Mangudai
57:26 Blast Furnace
56:42 Leather Archer Armor
kilfal
5:51 Loom
12:31 Feudal Age
13:05 Double-Bit Axe
17:50 Horse Collar
23:43 Castle Age
22:12 Gold Mining
24:42 Bow Saw
25:03 Fletching
25:36 Husbandry
25:06 Light Cavalry
26:44 Wheelbarrow
26:13 Heavy Plow
27:28 Bodkin Arrow
28:10 Padded Archer Armor
30:44 Gold Shaft Mining
32:01 Hand Cart
33:36 Stone Mining
34:52 Ballistics
38:58 Imperial Age
37:21 Scale Barding Armor
37:55 Town Watch
38:25 Bloodlines
39:32 Leather Archer Armor
41:04 Conscription
42:16 Bracer
43:08 Chain Barding Armor
47:51 Forging
47:58 Town Patrol
50:11 Crop Rotation
50:42 Hussar
51:39 Silk Armor
53:11 Iron Casting
53:35 Heavy Cavalry Archer
54:49 Ring Archer Armor
56:50 Plate Barding Armor
57:52 Iron Casting
58:45 Elite Keshik
i2i Vibe
18:28 Feudal Age
16:44 Loom
32:58 Castle Age
33:28 Elite Skirmisher
35:31 Gold Mining
40:24 Pikeman
41:35 Fletching
43:10 Padded Archer Armor
50:43 Wheelbarrow
LUC
8:57 Loom
14:36 Feudal Age
17:41 Double-Bit Axe
21:53 Castle Age
20:03 Stone Mining
24:42 Horse Collar
25:27 Sanctity
25:04 Gold Mining
27:06 Bow Saw
28:54 Heavy Plow
29:21 Elite Skirmisher
32:47 Pikeman
34:08 Scale Barding Armor
34:14 Forging
38:53 Imperial Age
37:15 Chain Barding Armor
38:04 Husbandry
39:20 Wheelbarrow
39:03 Cavalier
41:50 Conscription
42:16 Halberdier
45:52 Paladin
56:37 Two-Man Saw
56:46 Light Cavalry
57:36 Bloodlines
57:52 Hussar
0sm4ll
5:03 Loom
16:11 Feudal Age
20:44 Wheelbarrow
20:40 Horse Collar
25:09 Castle Age
25:08 Double-Bit Axe
25:06 Horse Collar
28:18 Fletching
30:19 Bodkin Arrow
32:15 Heavy Plow
34:34 Stone Mining
35:07 Bow Saw
36:49 Padded Archer Armor
37:25 Hand Cart
37:24 Husbandry
38:37 Nomads
38:43 Nomads
39:06 Bloodlines
45:03 Imperial Age
43:33 Thumb Ring
43:34 Gold Mining
44:57 Gold Shaft Mining
45:01 Stone Shaft Mining
45:10 Leather Archer Armor
46:14 Parthian Tactics
47:25 Light Cavalry
47:28 Elite Mangudai
48:47 Ballistics
49:26 Bracer
50:48 Drill
51:06 Hoardings
52:55 Chemistry
51:47 Capped Ram
54:55 Siege Ram
Connection lost

Rejoining the realm…

Still unreachable

The connection could not be restored.

Session expired

The server has moved on; the page needs a fresh start.